Map: Traitor's Exile

Players

MonstroTown

  • Race: Terran Terran
  • Spawn Location: 9:00

Michael

  • Race: Zerg Zerg
  • League: Gold
  • Spawn Location: 12:00

Dman

  • Race: Terran Terran
  • League: Diamond
  • Spawn Location: 6:00

Ducken

  • Race: Terran Terran
  • League: Diamond
  • Spawn Location: 5:00

VOD

Have the link to the VOD?

Description

Time

  • Played on: Sept. 14, 2018, 9:19 p.m.
  • Length: 3:20
Show
View Real Time Build Order
Export as new Build Order

MonstroTown Terran 

Build Orders: Reaper Expand 

Get SALT Encoding   

  12  0:01  SCV  
  13  0:13  SCV  
  14  0:19  Supply Depot  
  14  0:25  SCV  
  15  0:41  SCV  
  15  0:42  Barracks  
  16  0:48  Refinery  
  16  0:53  SCV  
  17  1:05  SCV  
  18  1:17  SCV  
  19  1:30  Orbital Command  
  19  1:31  Reaper  
  20  1:47  Command Center  
  20  1:55  SCV  
  21  2:04  Barracks Reactor  
  21  2:07  SCV  
  22  2:11  Refinery  
  22  2:15  Supply Depot  
  22  2:19  SCV  
  23  2:26  Factory  
  24  2:37  SCV  
  24  2:42  Marine x2  
  26  2:57  Barracks  
  26  3:00  Marine x2  
  28  3:11  Factory Tech Lab  
Show
View Real Time Build Order
Export as new Build Order

Michael Zerg 

Build Orders: Hatch First 

Get SALT Encoding   

  12  0:01  Drone  
  13  0:13  Overlord  
  13  0:26  Drone  
  14  0:31  Drone x2  
  16  0:37  Drone  
  17  0:48  Drone  
  18  1:01  Drone  
  18  1:04  Extractor, Hatchery  
  18  1:10  Drone  
  18  1:21  Spawning Pool  
  18  1:23  Drone  
  18  1:30  Drone  
  19  1:41  Drone  
  20  1:52  Overlord  
  20  2:11  Queen  
  22  2:16  Queen  
  22  2:17  Zergling x4  
  22  2:18  Zergling x2  
  27  2:29  Zergling x4  
  29  2:36  Zergling x2  
  30  2:41  Zergling x2  
  28  2:46  Spine Crawler  
  25  2:51  Roach Warren  
  19  3:01  Spine Crawler  
Show
View Real Time Build Order
Export as new Build Order

Dman Terran 

Build Orders:  

Get SALT Encoding   

  12  0:11  Supply Depot  
  12  0:39  Barracks  
  12  0:49  Barracks  
  12  1:07  Barracks  
  12  1:20  Supply Depot  
  12  1:26  Marine  
  13  1:36  Marine  
  13  1:39  SCV  
  15  1:45  Marine  
  16  1:54  Marine  
  16  1:56  Marine  
  18  2:03  Marine  
  19  2:12  Marine  
  19  2:13  Marine  
  21  2:21  Marine  
  22  2:30  Marine  
  22  2:32  Marine  
  24  2:38  Marine  
  24  2:48  Marine  
  24  2:50  Marine  
  25  2:56  Marine  
Show
View Real Time Build Order
Export as new Build Order

Ducken Terran 

Build Orders:  

Get SALT Encoding   

  12  0:00  SCV  
  13  0:22  SCV, Supply Depot  
  14  0:45  Barracks  
  14  0:54  Barracks  
  14  1:09  Barracks  
  15  1:24  SCV  
  15  1:25  Supply Depot  
  15  1:31  Marine  
  16  1:41  Marine  
  16  1:44  SCV  
  18  1:49  Marine  
  19  1:56  Marine  
  19  1:59  Marine  
  21  2:07  Marine  
  22  2:14  Marine  
  23  2:17  Marine  
  24  2:25  Marine  
  25  2:32  Marine  
  25  2:34  Bunker, Marine  
  27  2:43  Marine  
  28  2:49  Marine  
  28  2:51  SCV  
  30  2:52  Marine  
  31  3:04  Bunker  
  31  3:16  Supply Depot  
Tags
 
Add a new tag
Caveats
  • Supply blocks, unpowered buildings, or Contaminate may cause inaccurate times.
  • Supply counts are checked every 10 seconds.